 Dungeon Crawl Stone Soup version 0.31-a0-840-g6d2ecbb638 (webtiles) character file.

Game seed: 2814483676367753210

45 Ivernyr the Twirler (level 3, -5/18 HPs)
             Began as a Vine Stalker Gladiator on Sept 27, 2023.
             Slain by a gnoll
             ... wielding a +0 spear
              (8 damage)
             ... on level 2 of the Dungeon.
             The game lasted 00:02:12 (932 turns).

Ivernyr the Twirler (Vine Stalker Gladiator)         Turns: 932, Time: 00:02:13

Health: -5/18      AC:  5    Str: 18    XL:     3   Next: 64%
Magic:  0/4        EV: 12    Int:  8    God:
Gold:   91         SH:  0    Dex: 15    Spells: 2/2 levels left

rFire   . . .        a - +0 quarterstaff
rCold   . . .        (shield currently unavailable)
rNeg    . . .        b - +0 leather armour
rPois   .            c - +0 helmet
rElec   .            (no cloak)
rCorr   .            i - +0 pair of gloves
SInv    .            (no boots)
Will    .....        h - amulet of the acrobat
Stlth   +            (no ring)
HPRegen 1.03/turn    (no ring)
MPRegen 0.09/turn

%: acrobat, guardian spirit
@: no status effects
A: fangs 2, regeneration 1, magic shield, antimagic bite, no potion heal 2
a: no special abilities


You were on level 2 of the Dungeon.
You visited 1 branch of the dungeon, and saw 2 of its levels.

You collected 91 gold pieces.

Inventory:

Hand Weapons
 a - a +0 quarterstaff (weapon)
Missiles
 d - 3 throwing nets (quivered)
 e - a javelin
Armour
 b - a +0 leather armour (worn)
 c - a +0 helmet (worn)
 i - a +0 pair of gloves (worn)
Jewellery
 h - an amulet of the acrobat (around neck)
Scrolls
 f - 2 scrolls of teleportation {unknown}
 j - a scroll of blinking {unknown}
 k - a scroll of identify {unknown}
 m - a scroll of enchant armour {unknown}
 n - 3 scrolls of poison {unknown}
Potions
 g - a potion of invisibility {unknown}
 l - a potion of might {unknown}


   Skills:
 + Level 2.2 Fighting
 * Level 3.3 Staves
 - Level 1.7 Throwing
 + Level 0.9 Armour
 + Level 2.7 Dodging


You had 2 spell levels left.
You didn't know any spells.
Your spell library contained the following spells:

 Spells                   Type           Power      Damage    Failure   Level
 Inner Flame              Hex/Fire       0%         N/A       83%         3
 Flame Wave               Conj/Fire      0%         2d4       99%         4
 Sticky Flame             Conj/Fire      0%         2d3       99%         4


Dungeon Overview and Level Annotations

Branches:
Dungeon (2/15)

Altars:


Innate Abilities, Weirdness & Mutations

You have extremely sharp teeth.
Your natural rate of healing is unusually fast.
When hurt, damage is shared between your health and your magic reserves.
Your bite disrupts and absorbs the magic of your enemies.
Potions cannot restore your health.


Message History

You add the spells Inner Flame, Sticky Flame and Flame Wave to your library.
n - 3 scrolls labelled ZADDOA XOWKU You now have 91 gold pieces (gained 9).
You open the door.
There is an open door here.
Found a chain mail.
A gnoll comes into view. It is wielding a +0 club.
The gnoll shouts!
A gnoll comes into view. It is wielding a +0 spear.
A gnoll comes into view. It is wielding a +0 club.
A rat comes into view.
The gnoll shouts! x2
The rat moves out of view.
The gnoll attacks as it pursues you! The gnoll completely misses you.
You hit the gnoll. Your bite misses the gnoll.
The gnoll is moderately wounded.
The gnoll barely misses you.
You sock the gnoll!
You kill the gnoll!
The gnoll hits you with a +0 spear!
Things that are here:
a +0 club; a gnoll corpse You hit the gnoll.
You bite the gnoll, but do no damage.
The gnoll is moderately wounded.
The gnoll hits you with a +0 spear.
You barely miss the gnoll.
The gnoll is moderately wounded.
The gnoll hits you with a +0 spear.
* * * LOW HITPOINT WARNING * * *
A gnoll comes into view. It is wielding a +0 club.
You closely miss the gnoll.
The gnoll shouts!
You bite the gnoll, but do no damage.
The gnoll is moderately wounded.
The gnoll hits you with a +0 spear.
* * * LOW HITPOINT WARNING * * *
You closely miss the gnoll.
The gnoll is moderately wounded.
The gnoll hits you with a +0 spear!
You die...

+.........'..........[...
#.........####...##.###.#
##.......## ##.###.# #.#
##.....## #.#...# #.#
##...## #.#.### #.#
#####+## #.#.# #.# .....
#.#.#####.#
#..#########.........#
#..gg@.....###.#######
#..g##.........#
#.....#.###.#####
##...##.# #.# [.......#
#.# ####g##### #.# #r #.#
#. ..# #. ###


You could see 3 gnolls.

Vanquished Creatures
  A gnoll (D:2)
  2 dart slugs (D:1)
  3 bats (D:1)
  5 endoplasms
  2 giant cockroaches
  2 goblins (D:1)
  2 hobgoblins (D:1)
  A quokka (D:1)
  5 ball pythons
  5 frilled lizards
  2 kobolds (D:1)
  A rat (D:1)
31 creatures vanquished.

Notes
Turn   | Place    | Note
-------+----------+-------------------------------------------
     0 | D:1      | Ivernyr the Vine Stalker Gladiator began the quest for the
                  | Orb.
     0 | D:1      | Reached XP level 1. HP: 11/11 MP: 2/2
     2 | D:1      | Noticed a vine stalker
     5 | D:1      | Noticed a formicid
    11 | D:1      | Noticed a gargoyle
    17 | D:1      | Noticed an ogre
    21 | D:1      | Noticed a dwarf
    82 | D:1      | Reached XP level 2. HP: 15/15 MP: 3/3
   169 | D:1      | Reached skill level 3 in Staves
   332 | D:1      | Reached XP level 3. HP: 18/18 MP: 1/4
   717 | D:2      | Identified the +2 robe of Goipn {Str+3}
   932 | D:2      | Slain by a gnoll

Illustrated notes

Levels and vault maps discovered:
D:1:      shiori_arrival_whats_in_store_for_you, layout_rooms
D:2:      layout_loops_corners

Skill      XL: |  1  2 |
---------------+-------+-----
Fighting       | 2 |  2.2
Staves         | 3 |  3.3
Throwing       | |  1.7
Armour         | |  0.9
Dodging        | |  2.7

Action                     || total
---------------------------++-------
  Melee: Quarterstaff      ||    63
         Bite              ||    16
   Stab: Sleeping          ||     1
 Armour: Leather armour    ||    23
  Dodge: Dodged            ||    50

Table legend: (Time is in decaauts)
 A = Elapsed time spent in this place.
 B = Non-inter-level travel time spent in this place.
 C = Inter-level travel time spent in this place.
 D = Time resting spent in this place.
 E = Time spent auto-exploring this place.
 F = Levels seen in this place.
 G = Mean time per level.
                   A        B        C        D        E       F      G
               +--------+--------+--------+--------+--------+-----+--------+
         Total |    940 |    895 |     45 |      0 |    668 |   2 |  470.0 |
       Dungeon |    940 |    895 |     45 |      0 |    668 |   2 |  470.0 |
               +--------+--------+--------+--------+--------+-----+--------+

Top non-repeatable levels by time:
     D:1: 621 daAuts
     D:2: 319 daAuts
